 Dungeon Crawl Stone Soup version 0.29.0-4-gdea44cf6ec (webtiles) character file.

Game seed: 10385938691452784526

74 qw the Chopper (level 4, -5/26 HPs)
             Began as a Tengu Warper on Aug 28, 2022.
             Splashed by a jelly's acid (10 damage)
             ... on level 3 of the Dungeon.
             The game lasted 00:00:09 (1823 turns).

qw the Chopper (Tengu Warper)                       Turns: 1823, Time: 00:00:09

Health: -5/26      AC:  0    Str: 13    XL:     4   Next: 28%
Magic:  8/8        EV:  6    Int: 14    God:
Gold:   130        SH:  0    Dex: 13    Spells: 7/7 levels left

rFire   . . .      SeeInvis .   Y - +0 hand axe
rCold   . . .      Faith    .   (no shield)
rNeg    . . .      Spirit   .   g - +0 chain mail
rPois   .          Reflect  .   (helmet restricted)
rElec   .          Harm     .   (no cloak)
rCorr   .          Rampage  .   (no gloves)
Will    .....                   (boots unavailable)
Stlth   ..........              (no amulet)
HPRegen 0.08/turn               (no ring)
MPRegen 0.11/turn               (no ring)

@: corroded
A: beak, talons 3
a: no special abilities


You were on level 3 of the Dungeon.
You visited 1 branch of the dungeon, and saw 3 of its levels.

You collected 130 gold pieces.


Innate Abilities, Weirdness & Mutations

You have a beak for a mouth.
You have claws for feet.


   Skills:
 - Level 2.0 Fighting
 + Level 4.9 Axes
 - Level 1.0 Throwing
 - Level 1.1 Armour
 - Level 2.1 Dodging
 - Level 2.0 Spellcasting
 - Level 2.4 Translocations


You had 7 spell levels left.
You didn't know any spells.
Your spell library contained the following spells:

 Spells                   Type           Power      Damage    Failure   Level
 Blink                    Tloc           16%        N/A       99%         2
 Gell's Gravitas          Tloc           8%         N/A       100%        3
 Lesser Beckoning         Tloc           8%         N/A       100%        3
 Teleport Other           Tloc           8%         N/A       100%        3
 Manifold Assault         Tloc           8%         N/A       100%        5

Inventory:

Hand Weapons
 e - a +0 morningstar
 Y - a +0 hand axe (weapon)
Missiles
 d - a boomerang of dispersal
 k - 3 javelins (quivered)
Armour
 g - a +0 chain mail (worn)
Scrolls
 a - a scroll of teleportation
 f - a scroll of identify
Potions
 i - a potion of ambrosia {unknown}
 m - 2 potions of heal wounds {unknown}

Dungeon Overview and Level Annotations

Branches:
Dungeon (3/15)

Altars:


Message History

Press: ? - help, Q - select action, (/) - cycle Shift-Dir - straight line, f/p - kobold You throw a javelin.
The javelin pierces through the kobold!
You kill the kobold!
A kobold comes into view. It is wielding a +0 whip.
Throw: 2 javelins
Press: ? - help, Q - select action, (/) - cycle Shift-Dir - straight line, f - kobold You throw a javelin.
The javelin pierces through the kobold.
You kill the kobold!
Things that are here:
a +0 short sword; a kobold corpse
k - 2 javelins (gained 1)
k - 3 javelins (gained 1)
k - 4 javelins (gained 1)
Things that are here:
a +0 whip; 3 stones; a kobold corpse A jelly comes into view.
The jelly quivers.
Throw: 4 javelins
Press: ? - help, Q - select action, (/) - cycle Shift-Dir - straight line, f - jelly You throw a javelin.
The javelin pierces through the jelly.
The jelly is moderately wounded.
You completely miss the jelly. You claw the jelly.
You peck the jelly, but do no damage.
The jelly is severely wounded.
The jelly hits you. The acid corrodes you!
You are splashed with acid!
You hit the jelly but do no damage.
Your hands burn!
You peck the jelly.
The jelly is severely wounded.
The jelly hits you but does no damage.
You hit the jelly but do no damage.
Your hands burn!
The jelly is severely wounded.
The jelly hits you but does no damage.
You hit the jelly.
Your hands burn!
The jelly is almost dead.
The jelly jiggles.
The jelly hits you but does no damage.
You hit the jelly but do no damage. The acid corrodes you!
Your hands burn!
You peck the jelly, but do no damage.
The jelly is almost dead.
The jelly hits you. The acid corrodes you!
You are splashed with acid!
You die...

... ##.. .## #...
...$ #.. .... #.. ...
#.##.#.# #=.....#
#@J# #..#
########..##.#
.......)...#.#
########...#.##
#.)....###
#####......... ###
##...##.....### #..
................#####
###.#


You could see a jelly.

Vanquished Creatures
  A gnoll (D:1)
  2 adders (D:2)
  2 worms (D:2)
  5 ball pythons
  8 bats
  5 endoplasms
  A giant cockroach (D:1)
  2 hobgoblins (D:1)
  3 jackals (D:2)
  4 kobolds
  2 quokkas
  A frilled lizard (D:2)
  2 goblins
  A rat (D:2)
39 creatures vanquished.

Notes
Turn   | Place    | Note
-------+----------+-------------------------------------------
     0 | D:1      | qw the Tengu Warper began the quest for the Orb.
     0 | D:1      | Reached XP level 1. HP: 12/12 MP: 4/4
     0 | D:1      | 0 ||| qw: Version: 0.1-a-89-g26bdef1
     0 | D:1      | 0 ||| qw: Game counter: 909
     0 | D:1      | 0 ||| qw: Always use a shield: true
     0 | D:1      | 0 ||| qw: God list: Okawaru
     0 | D:1      | 0 ||| qw: Allow faded altars: false
     0 | D:1      | 0 ||| qw: Do Orc after D:15 true
     0 | D:1      | 0 ||| qw: Do second Lair branch before Depths: true
     0 | D:1      | 0 ||| qw: Lair rune preference: random
     0 | D:1      | 0 ||| qw: Plans: Normal
     0 | D:1      | 0 ||| PLANNING D:1-11
    56 | D:1      | Reached skill level 3 in Axes
    56 | D:1      | Reached XP level 2. HP: 17/17 MP: 6/6
   493 | D:1      | Found a faded altar of an unknown god.
   495 | D:1      | Reached XP level 3. HP: 21/21 MP: 7/7
   820 | D:1      | 820 ||| UPGRADING to +0 chain mail.
   830 | D:1      | 830 ||| DROPPING +0 leather armour.
   831 | D:1      | 831 ||| READING scroll labelled NAVOURIOMPU.
   832 | D:1      | 832 ||| READING scroll labelled LYESEUG KUAB.
   833 | D:1      | 833 ||| READING scroll labelled VUOTAFR SOECW.
   838 | D:1      | 838 ||| DROPPING scroll of blinking.
   974 | D:2      | Reached skill level 4 in Axes
  1358 | D:2      | Reached XP level 4. HP: 26/26 MP: 8/8
  1607 | D:2      | 1607 ||| READING 2 scrolls labelled AWUEW XUZETENY.
  1608 | D:2      | 1608 ||| READING scroll labelled WEAN GERGHERPHUNU.
  1609 | D:2      | 1609 ||| READING scroll labelled KYNUTHR YHOT.
  1610 | D:2      | 1610 ||| READING 2 scrolls of identify.
  1610 | D:2      | 1610 ||| IDENTIFYING green potion
  1611 | D:2      | 1611 ||| DROPPING scroll of fear.
  1612 | D:2      | 1612 ||| DROPPING potion of attraction.
  1823 | D:3      | HP: 5/26 [jelly (2)]
  1823 | D:3      | Splashed by a jelly's acid

Levels and vault maps discovered:
D:1:      saegor_arrival_simple_e, layout_loops_corners,
          chequers_ecumenical_altar_island
D:2:      layout_loops_ring, kennysheep_donut
D:3:      layout_loops_ring, skrybe_limestone_x, uniq_natasha

Skill      XL: |  1  2  3 |
---------------+----------+-----
Axes           | 3 4 |  4.9
Fighting       | |  2.0
Throwing       | |  1.0
Armour         | |  1.1
Dodging        | |  2.1
Spellcasting   | |  2.0
Translocations | |  2.4

Action                   |  1- 3 |  4- 6 || total
-------------------------+-------+-------++-------
Melee: Hand axe          |    29 |    22 ||    51
       Kick              |     9 |     6 ||    15
       Peck              |     5 |     4 ||     9
       Punch             |     1 |       ||     1
Throw: Boomerang         |     6 |       ||     6
       Javelin           |    23 |    20 ||    43
  Use: Scroll            |     3 |     4 ||     7
Armor: Leather armour    |     2 |       ||     2
       Chain mail        |    13 |    13 ||    26
Dodge: Dodged            |    15 |     5 ||    20

Table legend:
 A = Non-vault XP
 B = Vault XP
 C = Vault XP percentage of total XP
 D = Non-vault monster count
 E = Vault monster count
 F = Vault count percentage of total count
                 A         B        C        D         E       F
            +---------+---------+-------+---------+---------+-------
      Total |     106 |       0 |   0.0 |      39 |       0 |   0.0
            +---------+---------+-------+---------+---------+-------
        D:1 |      37 |       0 |   0.0 |      14 |       0 |   0.0
        D:2 |      61 |       0 |   0.0 |      19 |       0 |   0.0
        D:3 |       8 |       0 |   0.0 |       6 |       0 |   0.0
            +---------+---------+-------+---------+---------+-------
